Description

PvP 2 gate Oracle Pressure into Chargelot Immortal Archon

Replay - Abiogenesis LE (PvP) 2 gate Stargate into Chargelot Immo Archon [SaltKing]

Build Order

Get SALT Encoding   

  12  0:00  Probe  
  13  0:12  Probe  
  14  0:17  Pylon  
  14  0:25  Probe (Chrono Boost)  
  15  0:37  Probe (Chrono Boost)  
  15  0:39  Gateway  
  16  0:45  Probe (Chrono Boost)  
  16  0:46  Assimilator  
  17  0:51  Probe  
  18  0:58  Assimilator  
  18  1:03  Probe (Chrono Boost)  
  19  1:13  Probe x2 (Chrono Boost)  
  19  1:14  Gateway  
  21  1:30  Probe  
  22  1:38  Cybernetics Core  
  22  1:41  Pylon  
  24  2:13  Adept (Chrono Boost)  
  29  2:16  Warp Gate  
  29  2:22  Adept (Chrono Boost)  
  29  2:23  Stargate  
  30  2:32  Pylon  
  31  2:52  Stalker x2  
  35  3:09  Nexus  
  35  3:12  Pylon  
  33  3:51  Stalker x2  
  37  4:04  Shield Battery  
  37  4:05  Robotics Facility  
  38  4:23  Forge  
  38  4:24  Twilight Council  
  40  4:36  Sentry x2  
  46  4:43  Gateway x2  
  47  4:50  Protoss Ground Weapons Level 1 (Chrono Boost)  
  47  4:52  Observer  
  51  5:00  Pylon  
  52  5:11  Assimilator x2  
  53  5:14  Templar Archives  
  56  5:32  Charge  
  57  5:43  Nexus  
  57  5:55  Immortal (Chrono Boost)  
  63  6:03  Psionic Storm  
  65  6:17  Gateway x2  
  67  6:31  Warp Prism (Chrono Boost), Protoss Ground Weapons Level 2 (Chrono Boost)  
  70  6:40  High Templar x2  
  74  6:48  Zealot x2  
  81  7:03  Immortal (Chrono Boost)  
  88  7:16  Gateway x3  
  88  7:22  Shield Battery  
  91  7:32  Zealot x2  
  96  7:40  Immortal (Chrono Boost)  
  92  7:54  Assimilator x2  
  92  7:56  High Templar x4  
  100  7:59  Zealot x2  
  104  8:15  Stargate  
  104  8:18  Zealot x3  
  110  8:29  Protoss Air Weapons Level 1 (Chrono Boost)  
  110  8:35  Protoss Shields Level 1 (Chrono Boost)  
  110  8:37  Gateway  
  110  8:42  Nexus  
  110  8:46  Fleet Beacon, Assimilator x2  
  110  8:49  Zealot  
  118  9:22  Photon Cannon x4  
  118  9:28  Graviton Catapult (Chrono Boost), Photon Cannon  
  118  9:30  Shield Battery x2  
  118  9:34  Carrier (Chrono Boost)  
  130  9:49  Warp Prism (Chrono Boost)  
  130  9:50  Carrier (Chrono Boost)  
Spawning Tool Build Advisor. Get it on Overwolf

Go to:

Details

  • Created by: silverhorn  
  • Published on: Jul 07, 2018
  • Modified on: Jul 07, 2018
  • Patch: 4.0.0
Show
View Real Time Build Order
Export as new Build Order

Comments (0)

There are no comments. Be the first!

Create an account to comment!